 Dungeon Crawl Stone Soup version 0.29.0-13-gc9e81de378 (webtiles) character file.

Game seed: 9498117183862982113

17231 SensoryNuts the Carver (level 12, -6/91 HPs)
             Began as a Demonspawn Fighter on Sept 8, 2022.
             Mangled by a meliai
             ... wielding a +0 war axe
              (14 damage)
             ... on level 12 of the Dungeon.
             The game lasted 00:19:30 (17976 turns).

SensoryNuts the Carver (Demonspawn Fighter)        Turns: 17976, Time: 00:19:31

Health: -6/91      AC: 18    Str: 17    XL:     12   Next: 17%
Magic:  12/12      EV: 10    Int: 11    God:
Gold:   490        SH: 17    Dex: 22    Spells: 11/11 levels left

rFire   + . .      SeeInvis .   D - +4 scimitar
rCold   + . .      Faith    .   e - +1 kite shield
rNeg    . . .      Spirit   .   o - +0 plate armour
rPois   .          Reflect  .   (helmet restricted)
rElec   +          Harm     .   z - scarf {rC+ rF+}
rCorr   .          Rampage  .   (no gloves)
Will    .....                   (no boots)
Stlth   ..........              v - amulet "Tupluis" {RegenMP rElec}
HPRegen 0.25/turn               p - +4 ring of protection
MPRegen 0.53/turn               C - +6 ring of dexterity

@: agile, about to teleport
A: antennae 1, large bone plates 1, ignite blood 2, powered by pain 2
a: no special abilities


You were on level 12 of the Dungeon.
You visited 2 branches of the dungeon, and saw 13 of its levels.

You collected 673 gold pieces.
You spent 183 gold pieces at shops.

Inventory:

Hand Weapons
 D - a +4 scimitar (weapon)
Missiles
 k - a throwing net
Armour
 e - a +1 kite shield (worn)
 o - a +0 plate armour (worn)
 z - a scarf of resistance (worn)
Jewellery
 d - a ring of protection from fire
 h - an amulet of guardian spirit
 m - a ring of flight
 n - a ring of willpower
 p - a +4 ring of protection (left hand)
 s - a ring of wizardry
 t - a +6 ring of strength
 v - the amulet "Tupluis" (around neck) {RegenMP rElec}
   (You bought it in a shop on level 4 of the Dungeon)

   [amulet of magic regeneration]

   It increases your rate of magic regeneration.
   rElec:     It insulates you from electricity.
 x - a ring of fire
 B - a +6 ring of strength
 C - a +6 ring of dexterity (right hand)
 F - a ring of willpower
Wands
 a - a wand of mindburst (8) (quivered)
 r - a wand of charming (14)
 y - a wand of flame (14)
 I - a wand of roots (8)
Scrolls
 b - 2 scrolls of identify
 c - a scroll of enchant armour
 f - 3 scrolls of amnesia
 j - 2 scrolls of teleportation
 u - a scroll of poison {unknown}
 G - a scroll of vulnerability {unknown}
 H - a scroll of butterflies {unknown}
Potions
 g - 2 potions of flight
 i - 2 potions of brilliance
 q - 2 potions of mutation
 w - a potion of attraction
 A - a potion of lignification
Miscellaneous
 E - a phantom mirror (inert)


   Skills:
 + Level 7.6 Fighting
 * Level 12.9 Long Blades
 + Level 9.0 Armour
 + Level 2.1 Dodging
 + Level 2.0 Stealth
 + Level 8.0 Shields
 + Level 0.2 Evocations


You had 11 spell levels left.
You didn't know any spells.
Your spell library contained the following spells:

 Spells                   Type           Power      Damage    Failure   Level
 Conjure Flame            Conj/Fire      0%         6-21      100%        3
 Gell's Gravitas          Tloc           0%         N/A       100%        3
 Ignite Poison            Fire/Tmut/Pois 0%         N/A       100%        3
 Teleport Other           Tloc           0%         N/A       100%        3
 Hailstorm                Conj/Ice       0%         3d3       100%        4
 Ice Form                 Ice/Tmut       0%         N/A       100%        4
 Sticky Flame             Conj/Fire      0%         2d3       100%        4
 Fireball                 Conj/Fire      0%         3d3       100%        5
 Iskenderun's Battlesphe  Conj           0%         2d6       100%        5
 Conjure Ball Lightning   Conj/Air       0%         3x3d6     100%        6
 Dispersal                Tloc           0%         N/A       100%        6
 Simulacrum               Ice/Necr       0%         N/A       100%        6
 Orb of Destruction       Conj           0%         9d5       100%        7


Dungeon Overview and Level Annotations

Branches:
Dungeon (12/15)            Temple (1/1) D:5            Lair (0/5) D:8
    Orc (0/2) D:12

Altars:
Ashenzari
Cheibriados
Dithmenos
Fedhas
Gozag
Hepliaklqana
Kikubaaqudgha
Makhleb
Nemelex Xobeh
Okawaru
Qazlal
Ru
Sif Muna
Trog
Uskayaw
Vehumet
Wu Jian
Xom
Yredelemnul

Shops:
D:4 *   D:5 ?((*[

Annotations:
D:4 2 transporters, 3 runed translucent doors, gdog's ghost, novice GnDe
D:5 2 transporters


Innate Abilities, Weirdness & Mutations

You have a pair of small antennae on your head.
You are partially covered in large bone plates. (SH +4)
Your demonic aura often causes spilled blood to erupt in flames.
You sometimes gain power by taking damage.


Message History

The killer bee attacks as you move away!
You block the killer bee's attack.
You feel sick.
The meliai invokes the aid of its god against you.
Something smites you! The killer bee barely misses you.
The killer bee attacks as you move away!
You block the killer bee's attack.
You feel sick.
The killer bee stings you but does no damage.
The killer bee attacks as you move away!
You block the killer bee's attack.
You feel sick. You block the killer bee's attack.
The killer bee attacks as you move away!
You block the killer bee's attack.
You feel sick. You block the killer bee's attack.
The killer bee closely misses you.
You feel sick.
You are no longer poisoned.
The meliai hits you with a +0 hand axe.
The meliai stings you but does no damage.
The meliai hits you with a +0 war axe!
* * * LOW HITPOINT WARNING * * *
The meliai stings you but does no damage.
The killer bee is engulfed in blazing flames.
You block the killer bee's attack. The killer bee closely misses you.
As you read the scroll of teleportation, it crumbles to dust.
You feel strangely unstable. You block the meliai's attack. x2
The meliai misses you. The meliai stings you.
* * * LOW HITPOINT WARNING * * *
You are poisoned.
The meliai poisons you!
The killer bee is engulfed in blazing flames.
You kill the killer bee!
The meliai hits you but does no damage. You block the meliai's attack.
The meliai invokes the aid of its god against you.
Something smites you!
* * * LOW HITPOINT WARNING * * *
You block the killer bee's attack.
The killer bee stings you but does no damage.
Your Armour skill increases to level 9!
You feel better. You block the meliai's attack. x2
The meliai hits you with a +0 war axe!
You die...

...........................##...#
.(..........................#..#.
...............>..............###
..............................#
..............................#
..............................#
..................y.............
...............yyy.............#
..~~~...........@○...............
..~≈~...........yy............ ..
..~~~........................ ..
..........~≈~............... ..
..........~≈≈.............. ..
..........~~~...............
............................
............................
......>.....................


You could see 2 meliai and 4 killer bees.

Vanquished Creatures
  Rupert (D:12)
  3 two-headed ogres
  Pikel (D:8)
  2 cyclopes (D:11)
  2 manticores (D:12)
  Maggie (D:6)
  2 unseen horror zombies (D:8)
  5 trolls
  Prince Ribbit (D:6)
  3 slime creatures (D:12)
  A vampire (D:10)
  2 wraiths
  A shadow (D:11)
  12 yaks
  3 vampire mosquitoes (D:10)
  3 steam dragons
  Edmund (D:4)
  4 wargs (D:12)
  Menkaure (D:5)
  3 acid dragons
  Duvessa (D:7)
  2 water moccasins
  A sky beast (D:7)
  3 orc warriors
  An ice beast (D:5)
  3 black bears
  5 centaurs
  3 ogres
  A phantom (D:5)
  3 kobold brigands
  4 bullfrogs
  5 necrophages
  A wyvern zombie (D:8)
  A scorpion (D:5)
  2 gnoll sergeants
  10 wights
  Dowan (D:7)
  12 killer bees
  2 electric eels (D:12)
  A howler monkey (D:6)
  A human zombie (D:8)
  3 hounds
  3 jellies
  12 orc priests
  A gnoll bouda (D:10)
  7 iguanas
  14 orc wizards
  A howler monkey zombie (D:8)
  Robin (D:3)
  18 gnolls
  4 adders
  2 ufetubi
  2 dart slugs
  37 orcs
  4 bats
  8 endoplasms
  3 giant cockroaches
  13 goblins
  13 hobgoblins
  8 jackals
  6 quokkas
  6 ball pythons
  A frilled lizard (D:2)
  17 kobolds
  9 rats
308 creatures vanquished.

Vanquished Creatures (others)
  An ufetubus (D:6)
1 creature vanquished.

Grand Total: 309 creatures vanquished

Notes
Turn   | Place    | Note
-------+----------+-------------------------------------------
     0 | D:1      | SensoryNuts the Demonspawn Fighter began the quest for the
                  | Orb.
     0 | D:1      | Reached XP level 1. HP: 18/18 MP: 1/1
    73 | D:1      | Reached skill level 2 in Long Blades
   104 | D:1      | Gained mutation: Your demonic aura sometimes causes spilled
                  | blood to erupt in flames. [demonic ancestry]
   104 | D:1      | Reached XP level 2. HP: 19/24 MP: 2/2
   798 | D:2      | Reached XP level 3. HP: 29/29 MP: 3/3
  1060 | D:2      | Reached skill level 3 in Long Blades
  1182 | D:2      | Reached XP level 4. HP: 35/35 MP: 4/4
  1444 | D:2      | Found a faded altar of an unknown god.
  1893 | D:3      | Noticed Robin
  1909 | D:3      | Killed Robin
  1917 | D:2      | HP: 1/35 [hobgoblin (3)]
  2557 | D:3      | Found a shimmering altar of Xom.
  2579 | D:3      | Found a shimmering altar of Xom.
  2653 | D:3      | Gained mutation: Your demonic aura often causes spilled
                  | blood to erupt in flames. [demonic ancestry]
  2653 | D:3      | Reached XP level 5. HP: 21/41 MP: 5/5
  3168 | D:4      | Noticed Edmund
  3176 | D:4      | Killed Edmund
  3177 | D:4      | Reached skill level 4 in Long Blades
  3177 | D:4      | Gained mutation: You have a pair of small antennae on your
                  | head. [demonic ancestry]
  3177 | D:4      | Reached XP level 6. HP: 35/47 MP: 6/6
  3333 | D:4      | Found a transporter.
  3353 | D:4      | Found a transporter.
  3501 | D:4      | Reached skill level 5 in Long Blades
  3526 | D:4      | HP: 2/47 [something/puff of flame (10)]
  3779 | D:4      | Noticed a water moccasin
  3787 | D:4      | Killed a water moccasin
  3788 | D:4      | Reached XP level 7. HP: 33/53 MP: 7/7
  3963 | D:4      | Found Adameckon's Assorted Antiques.
  4177 | D:4      | Bought a slimy iron amulet for 120 gold pieces
  4177 | D:4      | Identified the amulet "Tupluis" {RegenMP rElec} (You bought
                  | it in a shop on level 4 of the Dungeon)
  4224 | D:4      | Found a runed translucent gate.
  4224 | D:4      | Found a runed translucent gate.
  4224 | D:4      | Found a runed translucent gate.
  4228 | D:4      | Noticed gdog's ghost (novice GnDe)
  4801 | D:5      | Entered Level 5 of the Dungeon
  4820 | D:5      | Reached skill level 6 in Long Blades
  5158 | D:5      | Found a transporter.
  5230 | D:5      | Found a transporter.
  5455 | D:5      | Found an iron altar of Okawaru.
  5490 | D:5      | Reached skill level 1 in Dodging
  5492 | D:5      | Found a staircase to the Ecumenical Temple.
  5498 | D:5      | Reached XP level 8. HP: 23/60 MP: 8/8
  5791 | Temple   | Entered the Ecumenical Temple
  5826 | D:5      | Noticed Menkaure
  5833 | D:5      | Killed Menkaure
  5834 | D:5      | Reached skill level 7 in Long Blades
  6047 | D:5      | Found Keidus's Armour Boutique.
  6056 | D:5      | Bought a +0 kite shield for 63 gold pieces
  6069 | D:5      | Found Nuxoq's Weapon Shoppe.
  6072 | D:5      | Found Vebrij's Assorted Antiques.
  6076 | D:5      | Found Okudeom's Weapon Boutique.
  6076 | D:5      | Found Viad's Magic Scroll Shoppe.
  6453 | D:6      | Found a bloodstained altar of Trog.
  6460 | D:6      | Reached skill level 5 in Armour
  6587 | D:6      | Identified the +7 flail of Benevolence {drain, Fly}
  6630 | D:6      | Reached skill level 8 in Long Blades
  6835 | D:6      | Found a large runed translucent door.
  6836 | D:6      | Found a large runed translucent door.
  6875 | D:6      | Found a hazy altar of Hepliaklqana.
  6978 | D:6      | Gained mutation: You sometimes gain a little power by
                  | taking damage. [demonic ancestry]
  6978 | D:6      | Reached XP level 9. HP: 54/66 MP: 9/9
  7231 | D:6      | Noticed Prince Ribbit
  7239 | D:6      | Killed Prince Ribbit
  7262 | D:6      | Noticed Maggie
  7277 | D:6      | Killed Maggie
  7278 | D:6      | Reached skill level 5 in Fighting
  7278 | D:6      | Reached skill level 9 in Long Blades
  7723 | D:6      | Found a sparkling altar of Nemelex Xobeh.
  7727 | D:6      | Reached skill level 1 in Stealth
  7730 | D:6      | Found a sacrificial altar of Ru.
  8049 | D:7      | Noticed Duvessa
  8051 | D:7      | Noticed Dowan
  8057 | D:7      | Killed Duvessa
  8071 | D:7      | Killed Dowan
  8414 | D:7      | Reached skill level 5 in Shields
  9148 | D:8      | Found a burning altar of Makhleb.
  9235 | D:8      | Found a staircase to the Lair.
  9308 | D:8      | Gained mutation: You sometimes gain power by taking damage.
                  | [demonic ancestry]
  9308 | D:8      | Reached XP level 10. HP: 74/75 MP: 10/10
  9327 | D:8      | Reached skill level 10 in Long Blades
  9745 | D:8      | Noticed Pikel
  9760 | D:8      | Killed Pikel
 10252 | D:8      | Found a basalt altar of Yredelemnul.
 11121 | D:9      | Reached skill level 11 in Long Blades
 11424 | D:9      | HP: 3/77 [killer bee (1)]
 12190 | D:9      | Reached XP level 11. HP: 66/83 MP: 11/11
 12891 | D:10     | Entered Level 10 of the Dungeon
 13542 | D:10     | Noticed a two-headed ogre
 13552 | D:10     | Killed a two-headed ogre
 14816 | D:11     | Noticed a sea snake
 14824 | D:11     | Noticed a two-headed ogre
 14831 | D:11     | Killed a two-headed ogre
 15502 | D:11     | Reached skill level 12 in Long Blades
 15817 | D:11     | Identified the +6 war axe "Lithrey" {vorpal, rN+ Will+}
 16737 | D:12     | Noticed a two-headed ogre
 17060 | D:12     | Noticed Rupert
 17192 | D:12     | Killed Rupert
 17193 | D:12     | Gained mutation: You are partially covered in large bone
                  | plates. (SH +4) [demonic ancestry]
 17193 | D:12     | Reached XP level 12. HP: 78/91 MP: 12/12
 17407 | D:12     | Found a staircase to the Orcish Mines.
 17623 | D:12     | Killed a two-headed ogre
 17975 | D:12     | HP: 3/91 [meliai/divine providence (13)]
 17976 | D:12     | Mangled by a meliai

Illustrated notes

Levels and vault maps discovered:
D:1:      ebering_trefoil_twist, layout_basic
D:2:      minmay_chambers_of_twos, layout_basic, ebering_ecumenical_altar_box
D:3:      minmay_spotlight, layout_rooms, elyvilon_altar_1, xom_redecorated,
          minmay_liquid_box, kennysheep_nub, minmay_misc_feat_plants, uniq_robin
D:4:      gammafunk_steamed_eel, layout_basic, serial_shops,
          nicolae_shop_crystal, ebering_ghost_rock_garden, nrook_loot_triangle,
          uniq_edmund
D:5:      gammafunk_wand_slinger, layout_cave_pools, okawaru_gym_becter,
          minmay_temple_entry_junction_2, serial_shops, shop,
          nicolae_wooded_promenade, minmay_misc_feat_iff, uniq_menkaure
D:6:      layout_basic, jmf_multi_god_temple2, trog_ov_bears_minmay,
          mainiacjoe_overflow_small_starburst, uniq_prince_ribbit1, uniq_maggie
D:7:      layout_basic, enter_bailey_8, hangedman_abyss_or_decor_stabs,
          uniq_duvessa
D:8:      layout_loops_cross, mainiacjoe_overflow_paths,
          lemuel_mausoleum_altar_yredelemnul, dpeg_oklobed_lair, uniq_pikel
D:9:      layout_long_grid
D:10:     layout_irregular_city, mainiacjoe_overflow_catwalk,
          dreamdust_gnoll_shepherd
D:11:     layout_rooms, serial_aquarium, aquarium_bridge_straight
          [aquarium_subvault_bridge, aquarium_subvault_window,
          aquarium_subvault_bridge, aquarium_subvault_window],
          aquarium_bridge_straight [aquarium_subvault_bridge,
          aquarium_subvault_window, aquarium_subvault_bridge,
          aquarium_subvault_window], aquarium_window_fake, aquarium_window_3,
          aquarium_window_corner, aquarium_window_fake, aquarium_view_2b,
          aquarium_pool_2
D:12:     layout_big_octagon, minmay_orc_entry_guard_dogs, minivault_7,
          uniq_rupert
Temple:   hellmonk_temple_two_chambers

Skill      XL: |  1  2  3  4  5  6  7  8  9 10 11 12 |
---------------+-------------------------------------+-----
Long Blades    | 2 3 4 5 6 8 9 11 12 | 12.9
Armour         | 3 4 5 6 7 8 9 |  9.0
Shields        | 3 4 5 6 7 8 |  8.0
Fighting       | 4 5 6 7 |  7.6
Dodging        | 1 2 |  2.1
Stealth        | 1 2 |  2.0
Evocations     | |  0.2

Action                   |  1- 3 |  4- 6 |  7- 9 | 10-12 || total
-------------------------+-------+-------+-------+-------++-------
Melee: Long sword        |   131 |   165 |   346 |    24 ||   666
       Scimitar          |       |       |       |   461 ||   461
Evoke: Phantom mirror    |       |       |       |     1 ||     1
       Wand              |       |       |       |     3 ||     3
  Use: Scroll            |       |     4 |     8 |    12 ||    24
       Potion            |       |     3 |     6 |    10 ||    19
 Stab: Invisible         |       |       |       |     2 ||     2
Armor: Scale mail        |    67 |       |       |       ||    67
       Plate armour      |       |   193 |   289 |   359 ||   841
Dodge: Dodged            |    59 |    53 |   107 |   124 ||   343
Block: Buckler           |    33 |    62 |    42 |       ||   137
       Kite shield       |       |       |   156 |   397 ||   553
